 Dungeon Crawl Stone Soup version 0.21-a0-104-g7b58145 (webtiles) character file.

3933 MackTheKnife the Unseen (level 10, -8/66 HPs)
             Began as a Vampire Wanderer on July 6, 2017.
             Was a Believer of Kikubaaqudgha.
             Mangled by a two-headed ogre
             ... wielding a +0 dire flail
              (27 damage)
             ... on level 8 of the Dungeon.
             The game lasted 00:30:46 (13399 turns).

MackTheKnife the Unseen (Vampire Wanderer)         Turns: 13399, Time: 00:30:46

Health: -8/66      AC:  0    Str:  8      XL:     10   Next: 1%
Magic:  13/18      EV: 17    Int: 20      God:    Kikubaaqudgha [**....]
Gold:   290        SH:  0    Dex: 17 (20) Spells: 16/20 levels left

rFire    . . .     SeeInvis +   (weapon currently unavailable)
rCold    + . .     Gourm    .   (shield currently unavailable)
rNeg     + + .     Faith    .   (armour currently unavailable)
rPois    +         Spirit   .   (helmet currently unavailable)
rElec    .         Reflect  .   (cloak currently unavailable)
rCorr    .         Harm     .   (gloves currently unavailable)
MR       +....                  (boots currently unavailable)
Stlth    +++++++++.             (no amulet)
HPRegen  0.10/turn              (ring currently unavailable)
MPRegen  0.16/turn              (ring currently unavailable)

@: bat-form, flying, regenerating slowly, very quick
A: fangs 3, see invisible
a: End Transformation, Receive Corpses, Renounce Religion


You were on level 8 of the Dungeon.
You worshipped Kikubaaqudgha.
Kikubaaqudgha was pleased with you.
You were very thirsty.
You were in vampire-bat-form.
You visited 2 branches of the dungeon, and saw 9 of its levels.
You also visited: Sewer and Ossuary.

You collected 432 gold pieces.
You spent 142 gold pieces at shops.

Inventory:

Hand Weapons
 b - a +0 hand crossbow
 d - a +0 rapier
   (You took it off an orc on level 5 of the Dungeon)
 f - the +8 longbow of Faextoge {speed, Fragile rF++ MR+}
   (You found it on level 7 of the Dungeon)

   Attacks with this weapon are significantly faster.
   It greatly protects you from fire.
   It affects your resistance to hostile enchantments.
   It will be destroyed if unequipped.
 k - a +2 dagger of draining (melded)
   (You took it off an orc wizard in the Ecumenical Temple)
Missiles
 c - 96 bolts
Armour
 l - a +1 pair of boots (melded)
   (You found it on level 2 of the Dungeon)
 z - a +2 cloak (melded)
   (You found it on level 5 of the Dungeon)
 D - the +2 robe of Iriluc (melded) {+Inv rN+ Dex+3}
   (You bought it in a shop on level 5 of the Dungeon)

   It affects your dexterity (+3).
   It protects you from negative energy.
   It lets you turn invisible.
 F - a +0 pair of gloves (melded)
   (You found it on level 7 of the Dungeon)
Magical Staves
 C - an uncursed staff of wizardry {wiz+, !a}
   (You found it on level 5 of the Dungeon)
Jewellery
 n - an uncursed ring of positive energy {rN+}
   (You found it on level 2 of the Dungeon)
 p - a ring of wizardry (melded) {Wiz+, !d}
   (You found it on level 2 of the Dungeon)
 w - a ring of protection from fire (melded) {rF+, !d}
   (You found it on level 4 of the Dungeon)
 H - an uncursed ring of wizardry {Wiz+, !d}
   (You found it on level 7 of the Dungeon)
Wands
 s - a wand of paralysis (8/24)
   (You found it on level 5 of the Dungeon)
 E - a wand of paralysis (0/24)
   (You found it on level 5 of the Dungeon)
Scrolls
 e - a scroll of fog {unknown}
 j - 6 scrolls of remove curse
 o - 3 scrolls of recharging
 v - 4 scrolls of amnesia
 x - a scroll of magic mapping {!r}
 I - a scroll of enchant armour
 J - 2 scrolls of identify
 M - a scroll of torment {unknown}
 N - a scroll of random uselessness {unknown}
Potions
 a - a potion of heal wounds
 g - 4 potions of flight
 i - a potion of brilliance
 m - a potion of experience
 r - 3 potions of cancellation
 t - 2 potions of lignification {!q}
 u - a potion of might
 A - a potion of ambrosia
 B - 2 potions of mutation {!q}
 K - a potion of resistance
 L - a potion of curing
 O - 2 potions of blood {@q1}
Books
 q - a book of Cantrips
   (You found it on level 4 of the Dungeon)
 y - Kikubaaqudgha's Compendium of Black Magic
   (Kikubaaqudgha gifted it to you on level 7 of the Dungeon)

   Spells                             Type                      Level
   a - Pain                           Necromancy                   1
   b - Corpse Rot                     Necromancy                   2
   c - Sublimation of Blood           Necromancy                   2
   d - Vampiric Draining              Necromancy                   3
   e - Control Undead                 Necromancy                   4
 G - a Young Poisoner's Handbook
   (You found it on level 7 of the Dungeon)


   Skills:
 + Level 1.4 Fighting
 + Level 1.0 Short Blades
   Level 3.2 Maces & Flails
 - Level 2.4 Armour
 - Level 18.1 Stealth
 - Level 5.6 Spellcasting
 - Level 1.0 Evocations


You had 16 spell levels left.
You knew the following spells:

 Your Spells              Type           Power        Failure   Level  Hunger
x - Mephitic Cloud        Conj/Pois/Air  #.......     32%         3    ##.....
z - Animate Skeleton      Necr           N/A          11%         1    None


Dungeon Overview and Level Annotations

Branches:
Dungeon (8/15)             Temple (1/1) D:5
   Lair: D:8-11

Altars:
Cheibriados
Elyvilon
Gozag
Hepliaklqana
Kikubaaqudgha
Okawaru
Trog
Uskayaw
Wu Jian
Yredelemnul
Zin
The Shining One

Shops:
D:5 [   D:7 *

Annotations:
D:3 Ijyb


Innate Abilities, Weirdness & Mutations

You heal slowly.
You have razor-sharp teeth.
You have supernaturally acute eyesight. (SInv)
((You can survive without breathing.))


Message History

You take 20 damage, and have 39/59 hp.
MASSIVE DAMAGE!!
You closely miss the ogre.
Aim: an ogre, wielding a giant spiked club (chance to defeat MR: 49%)
The ogre suddenly stops moving!
Evoking this partially-identified wand wasted a few charges.
The helpless ogre fails to defend itself.
You bite the ogre, and draw its blood!
You feel better.
You are feeling thirsty.
You spit the ogre like a pig!!!
You kill the ogre!
Kikubaaqudgha accepts your kill.
You are feeling very thirsty.
You regained 9 hp, and now have 48/59 hp.
You start resting.
Health restored: 59 You see here a giant spiked club.
A bullfrog zombie comes into view.
A bullfrog zombie is nearby!
A bullfrog zombie is nearby!
The helpless bullfrog zombie fails to defend itself.
You spit the bullfrog zombie like a pig!!!
You destroy the bullfrog zombie!
Kikubaaqudgha accepts your kill.
You have reached level 10!
You feel agile.
Health restored: 65; MP restored: 18 Unknown command.
You now have 290 gold pieces (gained 15).
You hear a distant slurping noise.
A two-headed ogre comes into view.
It is wielding a dire flail and a giant club.
A two-headed ogre is nearby!
Aim: a two-headed ogre, wielding a dire flail and a giant club (hasn't noticed you, chance to defeat MR: 31%)
Okay, then.
A hound comes into view.
Okay, then.
Unknown command.
A leopard gecko comes into view.
You don't know that spell.
Unknown command.
Aim: a leopard gecko (hasn't noticed you)
The ball explodes into a vile cloud!
The stinking cloud engulfs the leopard gecko.
The leopard gecko hisses angrily.
The two-headed ogre shouts in stereo!
The hound barks!
The leopard gecko is engulfed in noxious fumes.
The leopard gecko appears confused.
The leopard gecko is engulfed in noxious fumes.
The leopard gecko appears confused.
You now have 15/18 mp.
The leopard gecko is engulfed in noxious fumes.
The leopard gecko appears confused.
Aim: a hound The ball explodes into a vile cloud!
The stinking cloud engulfs the hound.
The hound is engulfed in noxious fumes. x2; The hound appears confused.
You now have 13/18 mp.
Unknown command.
You catch the helpless hound completely off-guard!
You bite the hound, and draw its blood!
You feel slightly less thirsty.
You impale the hound!!
You kill the hound!
Kikubaaqudgha accepts your kill.
Your Short Blades skill increases to level 1!
The two-headed ogre is engulfed in noxious fumes.
Health restored: 66 The two-headed ogre is engulfed in noxious fumes.
The two-headed ogre is engulfed in noxious fumes.
The two-headed ogre appears confused.
The two-headed ogre hits you with a dire flail!
The two-headed ogre hits you but does no damage.
You take 14 damage, and have 52/66 hp.
MASSIVE DAMAGE!!
You hit the two-headed ogre.
The two-headed ogre hits you with a dire flail.
The two-headed ogre barely misses you.
You take 6 damage, and have 46/66 hp.
You hit the two-headed ogre.
The two-headed ogre seems less confused.
The two-headed ogre closely misses you.
The two-headed ogre hits you with a giant club.
You take 2 damage, and have 44/66 hp.
You hit the two-headed ogre.
The two-headed ogre hits you with a dire flail!!
The two-headed ogre hits you with a giant club.
* * * LOW HITPOINT WARNING * * *
You take 25 damage, and have 19/66 hp.
MASSIVE DAMAGE!!
An adder skeleton comes into view.
The adder skeleton moves out of view.
You turn into a vampire bat.
Your +2 dagger of draining melds into your body.
Your +2 cloak melds into your body.
Your +0 pair of gloves melds into your body.
Your +1 pair of boots melds into your body.
The +2 robe of Iriluc {+Inv rN+ Dex+3} melds into your body.
Your ring of protection from fire {rF+, !d} melds into your body.
Your ring of wizardry {Wiz+, !d} melds into your body.
The two-headed ogre hits you with a dire flail!!
You die...
Kikubaaqudgha rasps: "You have failed me!
Welcome... oblivion!"

#.######.#####.# #)# #.# #.# #.#
#.# #.# #.# #.# #.# #.# #.# #.#
#.# #.# #.# #.# #.# # ########
#.# #.# #.# #.# # #......# #.#
#.# #.# #.# #
#......###.######.### #.# ##.####
...............Ob...# ... #......
........[..######.### #.###....##
.......)[..# #.# ._..#....##
...........######.#####.#.#......
....................#.....#......
...##...l#.##.###.#####.###...###
.........h.##.# #.# #.##....# #
....#...#..##.# #.#####.##....# #
..............# #.##..........# #


You could see a two-headed ogre.

Vanquished Creatures
  The ghost of Shimatora the Jinx, a novice SpEn of Dithmenos (D:7)
  2 hippogriffs (D:7)
  Sigmund (D:3)
  A hungry ghost (D:5)
  A water moccasin (D:7)
  An orc warrior (D:7)
  2 sky beasts
  An ice beast (D:7)
  5 ogres
  A phantom (D:6)
  2 centaurs
  4 bullfrogs
  2 big kobolds
  2 water moccasin zombies (Ossuary)
  4 scorpions
  A crimson imp (D:5)
  A bullfrog zombie (D:8)
  A howler monkey (D:7)
  2 quasits
  6 orc priests
  2 hounds
  4 orc wizards
  2 iguanas
  4 worker ants
  5 big kobold zombies (Ossuary)
  A hound skeleton (D:7)
  2 mummies (Ossuary)
  A worker ant zombie (D:5)
  4 gnolls
  12 adders
  A river rat (Sewer)
  2 shadow imps (D:7)
  2 oozes
  4 adder zombies (Ossuary)
  5 worms
  A dart slug (D:1)
  6 leopard geckos
  21 orcs
  9 bats
  5 giant cockroaches
  3 gnoll zombies (Ossuary)
  12 goblins
  10 hobgoblins
  2 jackals (Sewer)
  18 kobolds
  3 quokkas
  A ball python (D:1)
  9 frilled lizards
  A giant cockroach zombie (D:5)
  2 hobgoblin zombies (Ossuary)
  4 kobold zombies (Ossuary)
  A leopard gecko skeleton (D:6)
  A leopard gecko zombie (D:5)
  7 orc zombies (Ossuary)
  A quokka zombie (D:5)
  16 rats
225 creatures vanquished.

Vanquished Creatures (others)
  2 gnolls (D:3)
  An adder (D:3)
  A giant cockroach (D:3)
  A gnoll zombie (Ossuary)
5 creatures vanquished.

Grand Total: 230 creatures vanquished

Notes
Turn   | Place    | Note
-------+----------+-------------------------------------------
     0 | D:1      | MackTheKnife the Vampire Wanderer began the quest for the Orb.
     0 | D:1      | MackTheKnife set off with: a +2 scale mail, a +0 hand crossbow, 25 bolts, a +0 mace, a potion of blood {@q1}
     0 | D:1      | Reached XP level 1. HP: 15/15 MP: 1/1
    37 | D:1      | Reached skill level 2 in Stealth
    55 | D:1      | Reached skill level 3 in Stealth
   152 | D:1      | Reached XP level 2. HP: 21/21 MP: 2/2
   257 | D:1      | Reached skill level 4 in Stealth
   475 | D:1      | Reached XP level 3. HP: 26/26 MP: 3/3
   608 | D:1      | Reached skill level 5 in Stealth
  1243 | D:2      | Reached skill level 6 in Stealth
  1248 | D:2      | Reached XP level 4. HP: 30/32 MP: 4/4
  1681 | D:2      | Found a hazy altar of Hepliaklqana.
  1744 | D:2      | Reached skill level 7 in Stealth
  1969 | D:3      | Noticed Ijyb
  2092 | D:3      | Reached XP level 5. HP: 30/37 MP: 3/5
  2102 | D:3      | Noticed Sigmund
  2114 | D:3      | Killed Sigmund
  2114 | D:3      | Reached skill level 9 in Stealth
  2114 | D:3      | Reached XP level 6. HP: 36/43 MP: 6/6
  2227 | D:3      | Found a hide-covered altar of Uskayaw.
  2234 | D:3      | Found a glowing golden altar of the Shining One.
  2238 | D:3      | Found a basalt altar of Yredelemnul.
  2420 | D:3      | Found a glowing drain.
  2469 | D:3      | HP: 10/43 [poisoned by an adder]
  2475 | D:3      | HP: 9/43 [poisoned by an adder]
  2492 | Sewer    | Entered a sewer
  2501 | Sewer    | Reached skill level 10 in Stealth
  3249 | Sewer    | Found a white marble altar of Elyvilon.
  3472 | D:3      | HP: 6/43 [gnoll/halberd (11)]
  3472 | D:3      | HP: 1/43 [gnoll/enchanted flail (5)]
  4378 | D:4      | Reached skill level 11 in Stealth
  4668 | D:4      | HP: 10/43 [poisoned by a worker ant]
  5217 | D:4      | Reached XP level 7. HP: 35/48 MP: 7/7
  5656 | D:5      | Entered Level 5 of the Dungeon
  5660 | D:5      | Reached skill level 12 in Stealth
  5693 | D:5      | HP: 12/48 [leopard gecko (3)]
  6004 | D:5      | Found a staircase to the Ecumenical Temple.
  6015 | Temple   | Entered the Ecumenical Temple
  6036 | Temple   | Became a worshipper of Kikubaaqudgha
  6083 | D:5      | Found Axitziaf's Antique Armour Shoppe.
  6112 | D:5      | Noticed a hungry ghost
  6121 | D:5      | Killed a hungry ghost
  6121 | D:5      | Reached skill level 13 in Stealth
  6241 | D:5      | HP: 12/48 [centaur (9)]
  6246 | D:5      | HP: 11/48 [centaur (7)]
  6247 | D:5      | Reached XP level 8. HP: 13/54 MP: 8/8
  6359 | D:3      | HP: 12/54 [orc wizard/dagger (4)]
  6361 | D:3      | Reached skill level 14 in Stealth
  6728 | D:4      | Learned a level 1 spell: Animate Skeleton
  7063 | D:5      | Found a snail-covered altar of Cheibriados.
  7063 | D:5      | Found a bloodstained altar of Trog.
  7415 | D:5      | Bought a tattered robe for 142 gold pieces
  7425 | D:5      | Identified the +2 robe of Iriluc {+Inv rN+ Dex+3} (You bought it in a shop on level 5 of the Dungeon)
  8754 | D:6      | Reached skill level 15 in Stealth
  9049 | D:6      | Reached skill level 16 in Stealth
  9530 | D:7      | Got an ancient longbow
  9543 | D:7      | Reached * piety under Kikubaaqudgha
  9543 | D:7      | Identified Kikubaaqudgha's Compendium of Black Magic (Kikubaaqudgha gifted it to you on level 7 of the Dungeon)
  9543 | D:7      | Received a gift from Kikubaaqudgha
  9620 | D:7      | Reached XP level 9. HP: 59/59 MP: 9/9
  9663 | D:7      | Found Dotzeat's General Store.
  9725 | D:7      | Reached skill level 17 in Stealth
 10116 | D:7      | Noticed Shimatora's ghost (novice SpEn)
 10150 | D:7      | Killed Shimatora's ghost
 10213 | D:7      | Reached skill level 18 in Stealth
 10302 | D:7      | Learned a level 3 spell: Mephitic Cloud
 10576 | D:7      | Reached skill level 2 in Spellcasting
 10596 | D:7      | HP: 7/59 [ogre/giant spiked club (28)]
 10618 | D:7      | HP: 6/59 [hound skeleton (2)]
 11092 | D:7      | Reached skill level 3 in Spellcasting
 11194 | D:7      | Identified the +8 longbow of Faextoge {speed, Fragile rF++ MR+} (You found it on level 7 of the Dungeon)
 11358 | D:7      | Reached skill level 4 in Spellcasting
 11479 | D:8      | Found an iron altar of Okawaru.
 11494 | D:8      | Found a sand-covered staircase.
 11503 | Ossuary  | Entered an ossuary
 11871 | Ossuary  | HP: 14/59 [orc zombie (1)]
 12058 | Ossuary  | Reached ** piety under Kikubaaqudgha
 12075 | Ossuary  | Reached skill level 5 in Spellcasting
 12161 | D:8      | Found an opulent altar of Gozag.
 13331 | D:8      | Reached XP level 10. HP: 65/65 MP: 18/18
 13359 | D:8      | Noticed a two-headed ogre
 13388 | D:8      | Reached skill level 1 in Short Blades
 13399 | D:8      | Mangled by a two-headed ogre

Vault maps used:
D:1:      dpeg_arrival_arbitrary_a, minmay_misc_feat_tiny,
          minmay_misc_feat_tower, st_stairs_4, minmay_misc_feat_plants,
          minmay_tree_intersection, minmay_door_square
D:2:      lemuel_doored_altar, st_stairs_1
D:3:      minmay_overflow_temple_star_quad, gup_sewer_entry_glass,
          lemuel_old_faithful, uniq_sigmund, uniq_ijyb
D:4:      first_bread
D:5:      gammafunk_temple_overflow_elements, minmay_temple_entry_overgrown,
          serial_shops, shop, minmay_misc_feat_five, nrook_pool_corridor
D:7:      serial_shops, shop, grunt_ministairs_2
D:8:      kennysheep_mini_moat, nicolae_gozag_cash_rules_everything_around_me,
          fedhas_bush_and_centaur_altar, okawaru_trees_2, enter_ossuary_1
Temple:   hc_temple_tempest_star
Sewer:    sewer_kobolds
Ossuary:  ossuary_tomb_2

Skill      XL: |  1  2  3  4  5  6  7  8  9 10 |
---------------+-------------------------------+-----
Stealth        | 3 4 6 7 9 11 13 16 18 | 18.1
Spellcasting   | 5 |  5.6
Short Blades   | 1 |  1.0
Fighting       | |  1.4
Maces & Flails | |  3.2
Armour         | |  2.4
Evocations     | |  1.0

Action                   |  1- 3 |  4- 6 |  7- 9 | 10-12 || total
-------------------------+-------+-------+-------+-------++-------
Melee: Dagger            |       |   158 |   581 |     4 ||   743
       Bite              |       |    16 |    50 |       ||    66
       Unarmed           |       |     2 |     1 |       ||     3
 Fire: Hand crossbow     |   135 |    67 |     7 |       ||   209
 Cast: Mephitic Cloud    |       |       |     7 |     2 ||     9
 Abil: Bat Form          |       |     6 |     6 |     1 ||    13
       End Transformatio |       |     6 |     6 |       ||    12
Evoke: Wand              |       |    13 |    22 |       ||    35
  Use: Potion            |       |    14 |    21 |       ||    35
       Scroll            |       |     5 |    15 |       ||    20
 Stab: Sleeping          |       |     7 |    43 |       ||    50
       Distracted        |       |     1 |     1 |       ||     2
       Confused          |       |       |     7 |     1 ||     8
       Paralysed         |       |       |     4 |       ||     4
Armor: Scale mail        |    44 |       |       |       ||    44
       Robe              |       |    50 |   269 |     1 ||   320
Dodge: Dodged            |    40 |   102 |   353 |     2 ||   497

Vault maps used:
D:1:      dpeg_arrival_arbitrary_a, minmay_misc_feat_tiny,
          minmay_misc_feat_tower, st_stairs_4, minmay_misc_feat_plants,
          minmay_tree_intersection, minmay_door_square
D:2:      lemuel_doored_altar, st_stairs_1
D:3:      minmay_overflow_temple_star_quad, gup_sewer_entry_glass,
          lemuel_old_faithful, uniq_sigmund, uniq_ijyb
D:4:      first_bread
D:5:      gammafunk_temple_overflow_elements, minmay_temple_entry_overgrown,
          serial_shops, shop, minmay_misc_feat_five, nrook_pool_corridor
D:7:      serial_shops, shop, grunt_ministairs_2
D:8:      kennysheep_mini_moat, nicolae_gozag_cash_rules_everything_around_me,
          fedhas_bush_and_centaur_altar, okawaru_trees_2, enter_ossuary_1
Temple:   hc_temple_tempest_star
Sewer:    sewer_kobolds
Ossuary:  ossuary_tomb_2

Table legend:
 A = Turns spent in this place as a percentage of turns spent in the entire game.
 B = Non-inter-level travel turns spent in this place as a percentage of non-inter-level travel turns spent in the entire game.
 C = Inter-level travel turns spent in this place as a percentage of turns spent in this place.
 D = Turns resting spent in this place as a percentage of non-inter-level travel turns spent in this place.
 E = Turns spent auto-exploring this place as a percentage of non-inter-level travel turns spent in this place.
 F = Non-inter-level travel turns spent in this place divided by the number of levels of this place that you've seen.
                   A       B       C       D       E      F
               +-------+-------+-------+-------+-------+----------------------
         Total | 100.0 | 100.0 |   0.6 |   3.2 |   5.8 | 354.5
       Dungeon |  86.0 |  86.0 |   0.7 |   3.0 |   6.7 | 419.1
        Temple |   1.0 |   1.0 |   2.5 |  15.4 |   5.1 |  39.0
         Sewer |   5.5 |   5.6 |   0.0 |   3.2 |   0.9 | 217.0
       Ossuary |   7.4 |   7.5 |   0.0 |   2.7 |   0.0 | 291.0
               +-------+-------+-------+-------+-------+----------------------

Table legend:
 A = Kills in this place as a percentage of kills in entire the game.
 B = Kills by you in this place as a percentage of kills by you in the entire game.
 C = Kills by friends in this place as a percentage of kills by friends in the entire game.
 D = Other kills in this place as a percentage of other kills in the entire game.
 E = Experience gained in this place as a percentage of experience gained in the entire game.
 F = Experience gained in this place divided by the number of levels of this place that you have seen.
                   A       B       C       D       E      F
               +-------+-------+-------+-------+-------+----------------------
         Total | 100.0 | 100.0 |  -nan | 100.0 | 100.0 | 510.8
       Dungeon |  80.5 |  80.9 |  -nan |   0.0 |  90.0 | 632.2
        Temple |   1.3 |   1.3 |  -nan |   0.0 |   1.5 |  83.0
         Sewer |   4.9 |   4.9 |  -nan |   0.0 |   2.1 | 118.0
       Ossuary |  13.3 |  12.9 |  -nan | 100.0 |   6.4 | 360.0
               +-------+-------+-------+-------+-------+----------------------
